 Dungeon Crawl Stone Soup version 0.26.0-11-g8f856b5395 (webtiles) character file.

Game seed: 11309821322164617380

98 FalseProphet the Chopper (level 4, 0/41 HPs)
             Began as a Minotaur Chaos Knight on Jan 14, 2021.
             Was a Plaything of Xom.
             Slain by an orc
             ... wielding a +0 mace
              (3 damage)
             ... on level 3 of the Dungeon.
             The game lasted 00:03:17 (1825 turns).

FalseProphet the Chopper (Minotaur Chaos Knight)    Turns: 1825, Time: 00:03:18

Health: 0/41       AC:  5    Str: 17    XL:     4   Next: 43%
Magic:  3/3        EV: 11    Int:  9    God:    Xom [*.....]
Gold:   149        SH:  0    Dex: 16    Spells: 3/3 levels left

rFire    . . .     SeeInvis .   a - +3 hand axe (chaos)
rCold    . . .     Faith    .   (no shield)
rNeg     . . .     Spirit   .   d - +0 ring mail
rPois    .         Reflect  .   (helmet restricted)
rElec    .         Harm     .   (no cloak)
rCorr    .         Rampage  .   (no gloves)
Will     .....                  (no boots)
Stlth    +.........             (no amulet)
HPRegen  0.13/turn              j - +6 ring of dexterity
MPRegen  0.08/turn              (no ring)

@: no status effects
A: retaliatory headbutt, horns 2
a: Renounce Religion


You were on level 3 of the Dungeon.
You worshipped Xom.
You were a special plaything of Xom.
You visited 1 branch of the dungeon, and saw 3 of its levels.

You collected 149 gold pieces.

Inventory:

Hand Weapons
 a - a +3 hand axe of chaos (weapon)
Armour
 b - a +2 leather armour
 d - a +0 ring mail (worn)
Jewellery
 j - a +6 ring of dexterity (left hand)
Scrolls
 f - 3 scrolls of amnesia
 g - a scroll of magic mapping
 h - 3 scrolls of remove curse
Potions
 c - a potion of might {unknown}
 e - a potion of haste {unknown}
 l - a potion of brilliance {unknown}
 m - a potion of attraction {unknown}


   Skills:
 + Level 4.8 Fighting
 + Level 5.0 Axes
 + Level 2.8 Armour
 + Level 1.6 Dodging
 + Level 0.1 Stealth


You had 3 spell levels left.
You didn't know any spells.
Your spell library was empty.

Dungeon Overview and Level Annotations

Branches:
Dungeon (3/15)

Altars:


Innate Abilities, Weirdness & Mutations

You reflexively headbutt those who attack you in melee.
You have a pair of horns on your head.


Message History

You are too injured to fight recklessly!
You feel better. The orc hits you with a +0 mace.
You hear something call down the wrath of Beogh upon you.
Beogh smites you!
* * * LOW HITPOINT WARNING * * *
The orc misses you. You furiously retaliate!
You headbutt the orc, but do no damage.
Okay, then.
The orc closely misses you.
The orc rages.
The orc barely misses you.
You hear a shout! "Hum-dee-hum-dee-hum..."
The orc closely misses you.
The orc rages.
The orc hits you but does no damage.
A kobold comes into view. It is wielding a +0 whip.
The orc rages.
The orc hits you with a +0 mace.
You die...

#.#
###.###.######
.............#
.##.###.####.#
##.K.##
#.....#
##...## ##o##
#@# #.# ##'##
##...##
##.....##
##.......##
#.........#
+.........+
#.........#


You could see an orc (berserk) and a kobold.

Vanquished Creatures
  3 adders
  3 worms (D:2)
  A dart slug (D:1)
  A leopard gecko (D:1)
  5 orcs
  2 giant cockroaches (D:2)
  6 hobgoblins
  4 jackals (D:1)
  A quokka (D:2)
  A ball python (D:1)
  3 bats
  5 frilled lizards
  4 goblins
  12 kobolds
  4 rats
55 creatures vanquished.

Notes
Turn   | Place    | Note
-------+----------+-------------------------------------------
     0 | D:1      | FalseProphet the Minotaur Chaos Knight began the quest for
                  | the Orb.
     0 | D:1      | Reached XP level 1. HP: 19/19 MP: 0/0
    21 | D:1      | XOM: silly message
   101 | D:1      | Reached skill level 4 in Axes
   101 | D:1      | Reached XP level 2. HP: 27/27 MP: 1/1
   417 | D:1      | XOM: smoke on damage
   659 | D:1      | XOM: divination: magic mapping
   883 | D:2      | Reached XP level 3. HP: 30/34 MP: 2/2
   992 | D:2      | XOM: god gift: 43 gold pieces
  1252 | D:2      | XOM: divination: magic mapping
  1365 | D:2      | Reached XP level 4. HP: 41/41 MP: 3/3
  1808 | D:3      | Reached skill level 5 in Axes
  1812 | D:3      | HP: 1/41 [something (12)]
  1821 | D:3      | XOM: enchant monster (bad)
  1825 | D:3      | Slain by an orc

Illustrated notes

Levels and vault maps discovered:
D:1:      nzn_arrival_crosshair, layout_loops_ring
D:2:      cheibrodos_helix_gallery, layout_basic
D:3:      minmay_spotlight, layout_loops_corners

Skill      XL: |  1  2  3  4 |
---------------+-------------+-----
Fighting       | 4 |  4.8
Axes           | 4 5 |  5.0
Armour         | |  2.8
Dodging        | |  1.6
Stealth        | |  0.1

Action                   |  1- 3 |  4- 6 || total
-------------------------+-------+-------++-------
Melee: Hand axe          |    82 |    17 ||    99
       Headbutt          |    10 |     3 ||    13
  Use: Scroll            |     8 |     1 ||     9
       Potion            |       |     1 ||     1
 Stab: Paralysed         |     1 |       ||     1
Armor: Leather armour    |    16 |       ||    16
       Ring mail         |     6 |     4 ||    10
Dodge: Dodged            |    50 |    12 ||    62
